 Dungeon Crawl Stone Soup version 0.17.0-28-g6e173f8 (webtiles) character file.

7787 Peloso the Blocker (level 11, 0/97 HPs)
             Began as a Minotaur Fighter on Nov 28, 2015.
             Was an Elder of Okawaru.
             Slain by Snorg (15 damage)
             ... on level 10 of the Dungeon.
             The game lasted 00:44:45 (9240 turns).

Peloso the Blocker (Minotaur Fighter)               Turns: 9240, Time: 00:44:45

Health: 0/97       AC: 20    Str: 30    XL:     11   Next: 1%
Magic:  10/10      EV: 10    Int:  5    God:    Okawaru [****..]
Gold:   500        SH: 13    Dex: 12    Spells: 0 memorised, 10 levels left

rFire  . . .     SeeInvis .     P - +2 falchion
rCold  . . .     Clarity  .     H - +0 plate armour
rNeg   . . .     SustAt   .     c - +0 shield
rPois  .         Gourm    +     (helmet restricted)
rElec  .         Spirit   .     y - +0 cloak
rCorr  .         Warding  .     G - +2 pair of gloves {Str+3}
rMut   .         Stasis   .     u - +0 pair of boots
MR     .....                    o - amulet of the gourmand
Stlth  ..........               (no ring)
                                (no ring)

@: mighty, not resistant to hostile enchantments, extremely unstealthy
A: retaliatory headbutt, horns 2
a: Heroism, Renounce Religion


You were on level 10 of the Dungeon.
You worshipped Okawaru.
Okawaru was greatly pleased with you.
You were completely stuffed.

You visited 2 branches of the dungeon, and saw 11 of its levels.

You collected 500 gold pieces.

Inventory:

Hand Weapons
 a - a +0 long sword
 f - a +0 short sword of electrocution
 r - a +1 war axe of freezing
 x - a +4 hand axe
 M - a +0 falchion of holy wrath
 P - a +2 falchion (weapon)
Armour
 c - a +0 shield (worn)
 u - a +0 pair of boots (worn)
 y - a +0 cloak (worn)
 G - a +2 pair of gloves of strength (worn)
 H - a +0 plate armour (worn)
Jewellery
 o - an amulet of the gourmand (around neck)
Wands
 b - a wand of random effects (9)
 p - a wand of teleportation (2)
 B - a wand of draining (10)
 D - a wand of polymorph (9)
 K - a wand of confusion (11)
 N - a wand of confusion (15)
 Q - a wand of slowing (16)
Scrolls
 h - 3 scrolls of identify
 j - 3 scrolls of blinking
 l - 2 scrolls of enchant armour
 m - 3 scrolls of teleportation
 q - 5 scrolls of remove curse
 v - a scroll of recharging
 L - a scroll of amnesia {unknown}
 O - a scroll of magic mapping {unknown}
 T - a scroll of holy word {unknown}
 V - a scroll of noise {unknown}
Potions
 d - a potion of might
 g - 4 potions of curing
 i - a potion of cancellation
 k - 4 potions of haste
 n - 2 potions of heal wounds
 s - a potion of berserk rage
 w - a potion of invisibility
 A - 4 potions of brilliance
 I - a potion of resistance {unknown}
Books
 C - a book of Dreams

   Spells                             Type                      Level
   a - Ensorcelled Hibernation        Hexes/Ice                    2
   b - Phase Shift                    Translocation                5
   c - Shadow Creatures               Summoning                    5
   d - Silence                        Hexes/Air                    5
   e - Darkness                       Hexes                        6
   f - Mass Confusion                 Hexes                        6
 U - a Grand Grimoire

   Spells                             Type                      Level
   a - Monstrous Menagerie            Summoning                    6
   b - Summon Greater Demon           Summoning                    7
   c - Malign Gateway                 Summoning/Translocation      7
   d - Summon Horrible Things         Summoning                    8
Comestibles
 e - 8 bread rations
 t - 8 meat rations
 z - 2 beef jerkies
 E - 20 fruits
 S - a royal jelly


   Skills:
 * Level 9.2 Fighting
 + Level 9.8 Long Blades
 + Level 9.4 Armour
 + Level 5.5 Dodging
 + Level 0.5 Stealth
 + Level 12.0 Shields


You had 10 spell levels left.
You didn't know any spells.

Dungeon Overview and Level Annotations

Branches:
Dungeon (10/15)            Temple (1/1) D:4
   Lair: D:8-11         Orc: D:9-12

Altars:
Ashenzari
Cheibriados
Dithmenos
Elyvilon
Fedhas
Gozag
Kikubaaqudgha
Makhleb
Nemelex Xobeh
Okawaru
Qazlal
Ru
Sif Muna
Trog
Vehumet
Xom
Yredelemnul
Zin
The Shining One

Shops:
D:8 :

Annotations:
D:10 Snorg


Innate Abilities, Weirdness & Mutations

You reflexively headbutt those who attack you in melee.
You have a pair of horns on your head.


Message History

You feel very mighty all of a sudden. Snorg bites you.
You block Snorg's attack. Snorg claws you!
* * * LOW HITPOINT WARNING * * *
The crimson imp blinks!
You slash Snorg! Your headbutt misses Snorg.
Snorg is moderately wounded.
You block Snorg's attack. Snorg claws you but does no damage.
Snorg closely misses you. You block Snorg's attack.
Snorg completely misses you. Snorg closely misses you.
Unknown command.
You slash Snorg!
Snorg is heavily wounded.
Snorg bites you!
* * * LOW HITPOINT WARNING * * *
You block Snorg's attack. Snorg claws you but does no damage.
Unknown command.
You closely miss Snorg. Your headbutt misses Snorg.
Snorg is heavily wounded.
Snorg bites you!
You die...

......# #......### #..[....#
......# ###........## #.......#
......# #........#..###.......#
......###.#......##...#.......#
......##..#......####.#.......###
......##.##.[....# #............
......'..#####.### ###.......###
......#### #...# #.......# #
####### ###@# ######.## #T# #..#
#......CZ.# #######.###
#.........# #.......>.#
#.........# #.........#
#.........' #.........#
#.........## ..........#
#.........# #.........#
#.........# #.........#


You could see Snorg (berserk), a hill giant and a giant frog skeleton.

Vanquished Creatures
  2 hill giants (D:10)
  An unseen horror (D:10)
  Pikel (D:4)
  A centaur zombie (D:10)
  A gargoyle (D:10)
  The ghost of ShansongY the Destroyer, a novice DEWz of Sif Muna (D:7)
  A troll (D:10)
  A merfolk (D:9)
  Grinder (D:6)
  A two-headed ogre (D:10)
  A wyvern (D:10)
  A hippogriff (D:7)
  A hungry ghost (D:8)
  A slave (D:4)
  An orc warrior (D:10)
  3 phantoms
  2 black bears (D:6)
  An ice beast (D:6)
  5 ogres
  2 sky beasts (D:7)
  2 crocodiles (D:9)
  2 centaurs
  3 giant frogs
  A big kobold (D:10)
  A gnoll sergeant (D:10)
  A scorpion (D:10)
  6 killer bees (D:8)
  4 wights (D:8)
  3 giant frog zombies
  7 crimson imps
  A jelly (D:7)
  2 quasits
  4 orc priests
  5 hounds
  7 orc wizards
  Natasha (twice) (D:4)
  7 worker ants
  3 hound zombies
  6 gnolls (D:10)
  3 adders
  4 shadow imps
  An ooze (D:1)
  3 worms
  3 adder skeletons
  5 giant geckos
  28 orcs
  5 giant cockroaches
  10 hobgoblins
  15 jackals
  A quokka (D:2)
  3 bats (D:1)
  4 giant newts
  9 goblins
  14 kobolds
  9 rats
213 creatures vanquished.

Vanquished Creatures (others)
  A worker ant (D:4)
  Natasha (D:4)
2 creatures vanquished.

Grand Total: 215 creatures vanquished

Notes
Turn   | Place    | Note
--------------------------------------------------------------
     0 | D:1      | Peloso the Minotaur Fighter began the quest for the Orb.
     0 | D:1      | Reached XP level 1. HP: 19/19 MP: 0/0
    87 | D:1      | Reached XP level 2. HP: 25/27 MP: 1/1
    88 | D:1      | Reached skill level 4 in Armour
   198 | D:1      | You fall through a shaft!
   357 | D:1      | Reached XP level 3. HP: 33/33 MP: 2/2
   657 | D:2      | Reached skill level 1 in Dodging
  1573 | D:3      | Reached XP level 4. HP: 32/40 MP: 3/3
  1927 | D:4      | Noticed an ogre
  1936 | D:4      | Killed an ogre
  1936 | D:4      | Reached XP level 5. HP: 3/47 MP: 4/4
  2313 | D:4      | Reached skill level 5 in Armour
  2343 | D:4      | Reached skill level 5 in Shields
  2442 | D:4      | Noticed a slave
  2459 | D:4      | Killed a slave
  2534 | D:4      | Noticed Pikel
  2534 | D:4      | Noticed a slave
  2534 | D:4      | Noticed a slave
  2534 | D:4      | Noticed a slave
  2572 | D:4      | Killed Pikel
  2572 | D:4      | Reached skill level 5 in Fighting
  2572 | D:4      | Reached XP level 6. HP: 7/56 MP: 5/5
  2572 | D:4      | Reached XP level 7. HP: 7/61 MP: 6/6
  2720 | D:4      | Noticed Natasha
  2732 | D:4      | Killed Natasha
  2732 | D:4      | Reached skill level 6 in Armour
  2902 | D:4      | Killed Natasha
  2992 | D:4      | Noticed an ogre
  2998 | D:4      | Killed an ogre
  3135 | D:4      | Found a staircase to the Ecumenical Temple.
  3144 | Temple   | Entered the Ecumenical Temple
  3273 | D:4      | Noticed Natasha
  3281 | D:4      | Killed Natasha
  3642 | D:5      | Entered Level 5 of the Dungeon
  4224 | D:5      | Reached skill level 5 in Long Blades
  4445 | D:5      | Reached XP level 8. HP: 70/70 MP: 7/7
  4860 | D:6      | Found an ancient bone altar of Kikubaaqudgha.
  4867 | D:6      | Found a burning altar of Makhleb.
  4869 | D:6      | Found an iron altar of Okawaru.
  4869 | D:6      | Noticed Grinder
  4878 | D:6      | Became a worshipper of Warmaster Okawaru
  4894 | D:6      | Paralysed by Grinder for 4 turns
  4917 | D:6      | Killed Grinder
  4917 | D:6      | Reached skill level 7 in Armour
  4952 | D:6      | Found an opulent altar of Gozag.
  4954 | D:6      | Found a white marble altar of Elyvilon.
  4954 | D:6      | Found a deep blue altar of Sif Muna.
  4954 | D:6      | Found a sparkling altar of Nemelex Xobeh.
  5036 | D:6      | Reached * piety under Okawaru
  5146 | D:6      | Found a shadowy altar of Dithmenos.
  5382 | D:7      | Reached skill level 8 in Shields
  5480 | D:7      | You fall through a shaft for 3 floors!
  5480 | D:10     | Entered Level 10 of the Dungeon
  5480 | D:10     | Noticed a centaur zombie
  5488 | D:10     | Reached XP level 9. HP: 51/78 MP: 8/8
  5509 | D:10     | Killed a centaur zombie
  5684 | D:10     | Noticed a gargoyle
  5712 | D:10     | Killed a gargoyle
  5712 | D:10     | Reached skill level 9 in Shields
  5909 | D:10     | Killed an unseen horror
  5909 | D:10     | Reached ** piety under Okawaru
  5923 | D:10     | Reached skill level 10 in Shields
  6232 | D:10     | Noticed a two-headed ogre
  6239 | D:10     | Killed a two-headed ogre
  6436 | D:10     | Reached XP level 10. HP: 68/86 MP: 9/9
  6601 | D:8      | Reached *** piety under Okawaru
  6843 | D:8      | Reached skill level 5 in Dodging
  6950 | D:8      | Found Gewiopom's Book Emporium.
  6961 | D:8      | Reached skill level 11 in Shields
  7574 | D:7      | Noticed ShansongY's ghost (novice DEWz)
  7590 | D:7      | Killed ShansongY's ghost
  7848 | D:7      | Reached **** piety under Okawaru
  8730 | D:10     | Noticed a hill giant
  8743 | D:10     | Killed a hill giant
  8762 | D:10     | Noticed a troll
  8780 | D:10     | Killed a troll
  9150 | D:10     | Noticed a hill giant
  9158 | D:10     | Killed a hill giant
  9158 | D:10     | Reached skill level 12 in Shields
  9158 | D:10     | Reached XP level 11. HP: 66/97 MP: 10/10
  9223 | D:10     | Noticed Snorg
  9225 | D:10     | Noticed a hill giant
  9240 | D:10     | Slain by Snorg

Action                   |  1- 3 |  4- 6 |  7- 9 | 10-12 || total
-------------------------+-------+-------+-------+-------++-------
Melee: Long sword        |   116 |    83 |   352 |   133 ||   684
       Short sword       |     4 |       |       |       ||     4
       Falchion          |       |       |       |   268 ||   268
  Use: Scroll            |       |       |    13 |     7 ||    20
       Potion            |       |       |       |     1 ||     1
  Eat: Chunk             |     2 |     3 |    10 |    20 ||    35
       Fruit             |       |       |     1 |       ||     1
       Beef jerky        |       |       |     2 |       ||     2
